 Dungeon Crawl Stone Soup version 0.29.1-14-g9c671dbff4 (webtiles) character file.

Game seed: 3438179926088664169

155 Thatpatchoflichen the Chiller (level 5, -4/30 HPs)
             Began as a Kobold Ice Elementalist on Feb 12, 2023.
             Slain by an ice beast (5 damage)
             ... on level 3 of the Dungeon.
             The game lasted 00:10:20 (3371 turns).

Thatpatchoflichen the Chiller (KoIE)                Turns: 3371, Time: 00:10:21

Health: -4/30      AC:  3    Str:  5    XL:     5   Next: 63%
Magic:  9/9        EV: 15    Int: 19    God:
Gold:   187        SH:  0    Dex: 15    Spells: 3/10 levels left

rFire   . . .      SeeInvis .   x - +4 quarterstaff (chaos)
rCold   . . .      Faith    .   (shield currently unavailable)
rNeg    . . .      Spirit   .   a - +0 robe
rPois   .          Reflect  .   (no helmet)
rElec   .          Harm     .   e - +0 cloak {Stlth+}
rCorr   .          Rampage  .   (no gloves)
Will    .....                   (no boots)
Stlth   ++++......              (no amulet)
HPRegen 0.10/turn               k - ring of wizardry
MPRegen 0.11/turn               (no ring)

@: no status effects
A: small, no large weapons, nightstalker 3
a: no special abilities


You were on level 3 of the Dungeon.
You visited 1 branch of the dungeon, and saw 4 of its levels.

You collected 187 gold pieces.

Inventory:

Hand Weapons
 i - a +2 whip of flaming
 p - a +0 trident of protection
 q - a +1 dagger of venom
 s - a +1 dagger of venom
 u - the +9 hammer of Dissolution {venom, rN+ Stlth+}
   (You found it on level 3 of the Dungeon)

   It poisons the flesh of those it strikes.
   rN:        It protects you from negative energy.
   Stlth:     It makes you more stealthy.
 w - the +5 hammer of the Wasp {flame, rC+}
   (You found it on level 3 of the Dungeon)

   It burns those it strikes, dealing additional fire damage.
   rC:        It protects you from cold.
 x - a +4 quarterstaff of chaos (weapon)
Armour
 a - a +0 robe (worn)
 e - a +0 cloak of stealth (worn)
Jewellery
 k - a ring of wizardry (left hand)
Scrolls
 d - a scroll of noise {unknown}
 f - a scroll of vulnerability {unknown}
 g - 4 scrolls of identify {unknown}
 j - a scroll of fear {unknown}
 n - a scroll of brand weapon {unknown}
 r - 2 scrolls of teleportation {unknown}
 t - a scroll of poison {unknown}
Potions
 b - a potion of magic
 c - a potion of mutation {unknown}
 h - 2 potions of lignification {unknown}
 l - 2 potions of ambrosia {unknown}
 m - 3 potions of heal wounds {unknown}
 o - 2 potions of curing {unknown}
 v - a potion of flight {unknown}
 z - a potion of degeneration {unknown}


   Skills:
 + Level 2.2 Fighting
 + Level 1.0 Staves
 + Level 3.7 Dodging
 - Level 2.6 Stealth
 + Level 3.2 Spellcasting
 + Level 4.6 Ice Magic


You had 3 spell levels left.
You knew the following spells:

 Your Spells              Type           Power      Damage    Failure   Level
a - Freeze                Ice            80%        1d9       1%          1
b - Frozen Ramparts       Ice            40%        1d7       2%          3
c - Ozocubu's Armour      Ice            20%        N/A       2%          3

Your spell library contained the following spells:

 Spells                   Type           Power      Damage    Failure   Level
 Apportation              Tloc           6%         N/A       6%          1
 Magic Dart               Conj           12%        1d3       6%          1
 Necrotise                Necr           12%        1d4       6%          1
 Summon Small Mammal      Summ           12%        N/A       6%          1
 Scorch                   Fire           6%         2d5       9%          2
 Searing Ray              Conj           6%         2d4       9%          2
 Hailstorm                Conj/Ice       11%        3d5       22%         4
 Flame Wave               Conj/Fire      3%         2d5       50%         4
 Fulminant Prism          Conj/Hex       1%         3d6       50%         4
 Conjure Ball Lightning   Conj/Air       1%         3x3d6     100%        6
 Summon Cactus Giant      Summ           1%         N/A       100%        6
 Discord                  Hex            1%         N/A       100%        8
 Disjunction              Tloc           1%         N/A       100%        8


Dungeon Overview and Level Annotations

Branches:
Dungeon (4/15)
 Temple: D:4-7

Altars:
Makhleb

Annotations:
D:4 Sigmund


Innate Abilities, Weirdness & Mutations

You are small and have problems with some larger weapons.
You are completely attuned to the shadows.


Message History

You now have 187 gold pieces (gained 9).
Found a stone staircase leading down.
o - 2 puce potions (gained 1)
r - 2 scrolls labelled DEMINE MEPINY (gained 1)
Found a club.
There is a stone staircase leading down here.
A bat comes into view.
Found a club.
The helpless bat fails to defend itself.
You hit the bat. You freeze the bat.
You kill the bat!
You see here a bat corpse.
You hit the ice beast.
The ice beast is lightly wounded.
The ice beast hits you but does no damage.
You hit the ice beast.
You melt the ice beast.
The ice beast is moderately wounded.
The ice beast hits you. The ice beast freezes you!
You hit the ice beast.
The ice beast is poisoned.
The ice beast is heavily wounded.
The ice beast hits you. The ice beast freezes you.
* * * LOW HITPOINT WARNING * * *
You hit the ice beast.
The ice beast is heavily wounded.
The ice beast barely misses you.
You hit the ice beast but do no damage.
The ice beast is heavily wounded.
The ice beast misses you. The ice beast closely misses you.
You hit the ice beast but do no damage.
The ice beast is severely wounded.
The ice beast hits you but does no damage.
You hit the ice beast but do no damage.
The ice beast easily resists.
The ice beast is severely wounded.
The ice beast barely misses you.
You hit the ice beast.
You melt the ice beast.
The ice beast is almost dead.
The ice beast hits you.
* * * LOW HITPOINT WARNING * * *
The ice beast freezes you.
You die...

#....# #....#
#..# #.# #######
#....# ##.# #.#
# #.>..# #.###
#.# # #....#
#...# #.# #
#....# #.....#
#.# # #....#
##.8...8. #.#
... ######
#........ #.)
... #....⌠...
.###)) ..b
######@Y...
...... ...
#.....#.8..
###)). ...
#.....##... #..#
### #.)...###..
#..# #.......###
###..# ....†...#
#....# #.......#
+.....
########..###
#.....
#.....###.#####.
###...


You could see an ice beast (poisoned).

Vanquished Creatures
  Dowan (D:4)
  Crazy Yiuf (D:3)
  3 adders
  2 worms
  2 orcs
  An endoplasm (D:4)
  3 giant cockroaches
  5 goblins
  5 hobgoblins
  3 kobolds
  2 quokkas
  8 ball pythons
  3 bats
  5 frilled lizards
  A rat (D:2)
45 creatures vanquished.

Notes
Turn   | Place    | Note
-------+----------+-------------------------------------------
     0 | D:1      | Thatpatchoflichen the Kobold Ice Elementalist began the
                  | quest for the Orb.
     0 | D:1      | Reached XP level 1. HP: 10/10 MP: 3/3
    93 | D:1      | Found a faded altar of an unknown god.
   214 | D:1      | Reached XP level 2. HP: 12/16 MP: 0/5
   935 | D:1      | Reached skill level 1 in Fighting
  1168 | D:2      | Reached XP level 3. HP: 20/20 MP: 4/6
  1899 | D:2      | Reached XP level 4. HP: 7/25 MP: 3/8
  2513 | D:3      | Noticed an ice beast
  2597 | D:4      | Learned a level 3 spell: Frozen Ramparts
  2601 | D:4      | Learned a level 3 spell: Ozocubu's Armour
  2768 | D:4      | Noticed Sigmund
  2810 | D:4      | Found a burning altar of Makhleb.
  2818 | D:4      | Noticed Dowan
  2836 | D:4      | Killed Dowan
  2837 | D:4      | Reached XP level 5. HP: 19/30 MP: 3/9
  3057 | D:3      | Identified the +6 hammer of Abuse {flame, *Noise rPois rN+
                  | Will+}
  3058 | D:3      | Identified the +9 hammer of Dissolution {venom, rN+ Stlth+}
  3064 | D:3      | Identified the +5 hammer of the Wasp {flame, rC+}
  3070 | D:3      | Found a runed translucent door.
  3073 | D:3      | Noticed Crazy Yiuf
  3085 | D:3      | Killed Crazy Yiuf
  3086 | D:3      | Reached skill level 1 in Staves
  3371 | D:3      | HP: 1/30 [ice beast (4)]
  3371 | D:3      | Slain by an ice beast

Illustrated notes

Levels and vault maps discovered:
D:1:      saegor_arrival_simple_d, layout_rooms, basic_ecumenical_altar
D:2:      layout_basic, chequers_serial_rivers_large_a, minmay_misc_feat_five
D:3:      layout_basic, wad_floor_pattern_untrapped,
          dreamdust_princess_corridor, dreamdust_princess_bridge,
          uniq_crazy_yiuf_cottage
D:4:      layout_loops_cross, overflow_temple_1_default, bloody_makhleb,
          uniq_menkaure, uniq_pikel, uniq_sigmund, uniq_duvessa

Skill      XL: |  1  2  3  4  5 |
---------------+----------------+-----
Fighting       | 1 2 |  2.2
Dodging        | 3 |  3.7
Spellcasting   | 3 |  3.2
Staves         | 1 |  1.0
Stealth        | |  2.6
Ice Magic      | |  4.6

Action                   |  1- 3 |  4- 6 || total
-------------------------+-------+-------++-------
Melee: Unarmed           |     6 |       ||     6
       Trident           |       |    30 ||    30
       Quarterstaff      |       |    10 ||    10
       Mace              |       |     2 ||     2
 Cast: Freeze            |    46 |    21 ||    67
 Stab: Sleeping          |       |     4 ||     4
Armor: Robe              |     5 |    15 ||    20
Dodge: Dodged            |    24 |    44 ||    68
